AoeStats
← Iguano Pop

MegaRandom

510044737Analyzed
2v2 RM · 2d ago on Sep 29, 2026· 38m 14s· 4 players
Game mode
Random Map
Map size
Medium (4 player)
Population
200
Speed
Normal
Resources
Standard
Victory
Conquest
Starting age
Dark Age
Ending age
Imperial Age
RankedLock teamsTeams togetherTeam positionsShared explorationLock speedFull tech treeHidden civsTurbo modeCheats
Victory
Defeat
🇲🇽 Magyars · Mexico
1496
+11
🇺🇸 Georgians · United States
1367
+17
🇦🇷 Maya · Argentina
1438
-16
🇲🇽 Lithuanians · Mexico
1334
-12
charlie parker
9:14 Loom
14:20 Feudal Age
16:13 Double-Bit Axe
20:47 Fletching
24:03 Castle Age
24:06 Crossbowman
24:41 Bodkin Arrow
26:57 Horse Collar
28:50 Wheelbarrow
30:26 Hand Cart
32:26 Padded Archer Armor
35:56 Leather Archer Armor
38:29 Thumb Ring
Iguano Pop
6:24 Loom
15:10 Feudal Age
19:36 Castle Age
19:53 Double-Bit Axe
23:47 Scale Barding Armor
28:42 Town Watch
30:56 Sanctity
alexisjcw
4:13 Loom
13:33 Feudal Age
13:47 Man-at-Arms
14:33 Town Watch
14:45 Arson
24:19 Castle Age
24:08 Fletching
25:45 Bodkin Arrow
26:52 Scale Barding Armor
29:23 Forging
29:47 Double-Bit Axe
36:37 Bloodlines
GEN0S
12:12 Feudal Age
16:37 Bloodlines
17:52 Scale Barding Armor
26:33 Castle Age
26:12 Loom
26:10 Horse Collar
26:17 Double-Bit Axe
30:01 Light Cavalry
31:58 Chain Barding Armor
35:34 Husbandry
Connection lost

Rejoining the realm…

Still unreachable

The connection could not be restored.

Session expired

The server has moved on; the page needs a fresh start.